TOP OF THE 1ST |
Richland Rails batting - Pitching for Westwood Sixshooters : RHP Roosevelt Guimond
|
Pitching: RHP Roosevelt Guimond
|
|
Batting: LHB Orlando Casillas
|
0-0: Swinging Strike 0-1: Ground out 4-3 (Groundball, 4S)
|
Batting: RHB Alexandre Keeping
|
0-0: Ball 1-0: Swinging Strike 1-1: Swinging Strike 1-2: Ball 2-2: Strikes out swinging
|
Batting: LHB Jérôme Masson
|
0-0: Ball 1-0: Ball 2-0: Ground out 4-3 (Groundball, 34)
|
Top of the 1st over - 0 run(s), 0 hit(s), 0 error(s), 0 left on base; Richland 0 - Westwood 0 |
BOTTOM OF THE 1ST |
Westwood Sixshooters batting - Pitching for Richland Rails : RHP Barney Starr
|
Pitching: RHP Barney Starr
|
|
Batting: LHB António Quintero
|
0-0: Bunt for hit - play at first, batter OUT! 1-3
|
Batting: LHB Juan Romero
|
0-0: Bunted foul 0-1: Swinging Strike 0-2: Ball 1-2: Ball 2-2: Ball 3-2: Base on Balls
|
Batting: RHB Steve Bock
|
0-0: Ball Juan Romero steals 2nd base 1-0: SINGLE (Groundball, 6D) Juan Romero to third Runner from 3rd tries for Home, SAFE, no throw
|
Batting: LHB Mitchell Cusimano
|
0-0: SINGLE (Line Drive, 56) Steve Bock to second
|
Batting: RHB Chris Corella
|
0-0: Called Strike 0-1: Ball 1-1: Ball 2-1: Foul Ball, location: 2F 2-2: Foul Ball, location: 2F 2-2: Foul Ball, location: 2F 2-2: SINGLE (Groundball, 6MD) Steve Bock to third Mitchell Cusimano to second Runner from 3rd tries for Home, SAFE, throw made home
|
Batting: LHB Lorenzo Díaz
|
0-0: Swinging Strike 0-1: Called Strike 0-2: Strikes out looking
|
Batting: RHB Alonso Zamora
|
0-0: Called Strike Mitchell Cusimano steals 3rd base Chris Corella to second 0-1: Fly out, F7 (Flyball, 7LM)
|
Bottom of the 1st over - 2 run(s), 3 hit(s), 0 error(s), 2 left on base; Richland 0 - Westwood 2 |
TOP OF THE 2ND |
Richland Rails batting - Pitching for Westwood Sixshooters : RHP Roosevelt Guimond
|
Batting: RHB Scott Ramsey
|
0-0: Ball 1-0: Ball 2-0: DOUBLE (Line Drive, 78XD)
|
Batting: SHB Félix Medina
|
0-0: Ground out 6-3 (Groundball, 6)
|
Batting: RHB Christian Gentry
|
0-0: Called Strike 0-1: Called Strike 0-2: Strikes out swinging
|
Batting: SHB Shiki Sanu
|
0-0: Ball 1-0: DOUBLE (Flyball, 7) Scott Ramsey scores
|
Batting: LHB Mike Gillespie
|
0-0: Called Strike 0-1: Swinging Strike 0-2: Strikes out looking
|
Top of the 2nd over - 1 run(s), 2 hit(s), 0 error(s), 1 left on base; Richland 1 - Westwood 2 |
BOTTOM OF THE 2ND |
Westwood Sixshooters batting - Pitching for Richland Rails : RHP Barney Starr
|
Batting: RHB Alberto Lastaneda
|
0-0: Ball 1-0: Ball 2-0: Called Strike 2-1: Ball 3-1: SINGLE (Groundball, 56D)
|
Batting: LHB José Martínez
|
0-0: 2-RUN HOME RUN (Flyball, 9D), Distance : 403 ft
|
Batting: LHB António Quintero
|
0-0: Called Strike 0-1: Called Strike 0-2: Ball 1-2: SINGLE (Groundball, 56) (infield hit)
|
Batting: LHB Juan Romero
|
0-0: Called Strike 0-1: Foul Ball, location: 2F 0-2: Strikes out swinging
|
Batting: RHB Steve Bock
|
0-0: Ball António Quintero steals 2nd base 1-0: Ball 2-0: Ground out 6-3 (Groundball, 6) António Quintero to third
|
Batting: LHB Mitchell Cusimano
|
0-0: Fly out, F9 (Flyball, 9)
|
Bottom of the 2nd over - 2 run(s), 3 hit(s), 0 error(s), 1 left on base; Richland 1 - Westwood 4 |
TOP OF THE 3RD |
Richland Rails batting - Pitching for Westwood Sixshooters : RHP Roosevelt Guimond
|
Batting: SHB Jorge Colón
|
0-0: Called Strike 0-1: Ball 1-1: Foul Ball, location: 2F 1-2: SOLO HOME RUN (Flyball, 9D), Distance : 397 ft
|
Batting: LHB Orlando Casillas
|
0-0: Foul Ball, location: 2F 0-1: Ball 1-1: Ball 2-1: Fly out, F5 (Popup, 56S)
|
Batting: RHB Alexandre Keeping
|
0-0: Swinging Strike 0-1: Called Strike 0-2: Ball 1-2: Ball 2-2: Strikes out swinging
|
Batting: LHB Jérôme Masson
|
0-0: Ball 1-0: Called Strike 1-1: DOUBLE (Line Drive, 89XD)
|
Batting: RHB Scott Ramsey
|
0-0: Ball 1-0: Ball 2-0: Ball Wild Pitch! Jérôme Masson to third 3-0: Called Strike 3-1: Ground out 5-3 (Groundball, 56S)
|
Top of the 3rd over - 1 run(s), 2 hit(s), 0 error(s), 1 left on base; Richland 2 - Westwood 4 |
BOTTOM OF THE 3RD |
Westwood Sixshooters batting - Pitching for Richland Rails : RHP Barney Starr
|
Batting: RHB Chris Corella
|
0-0: Foul Ball, location: 2F 0-1: Swinging Strike 0-2: Foul Ball, location: 2F 0-2: Strikes out swinging
|
Batting: LHB Lorenzo Díaz
|
0-0: Called Strike 0-1: Ball 1-1: SINGLE (Groundball, 5D)
|
Batting: RHB Alonso Zamora
|
0-0: Called Strike 0-1: Ball 1-1: Swinging Strike 1-2: Ball 2-2: Strikes out swinging
|
Batting: RHB Alberto Lastaneda
|
0-0: Swinging Strike 0-1: Ball 1-1: Swinging Strike 1-2: Foul Ball, location: 2F 1-2: Strikes out looking
|
Bottom of the 3rd over - 0 run(s), 1 hit(s), 0 error(s), 1 left on base; Richland 2 - Westwood 4 |
TOP OF THE 4TH |
Richland Rails batting - Pitching for Westwood Sixshooters : RHP Roosevelt Guimond
|
Batting: SHB Félix Medina
|
0-0: Fly out, F7 (Flyball, 7LSF)
|
Batting: RHB Christian Gentry
|
0-0: Ground out 4-3 (Groundball, 4)
|
Batting: SHB Shiki Sanu
|
0-0: Ball 1-0: Called Strike 1-1: Foul Ball, location: 2F 1-2: Ground out 6-3 (Groundball, 6)
|
Top of the 4th over - 0 run(s), 0 hit(s), 0 error(s), 0 left on base; Richland 2 - Westwood 4 |
BOTTOM OF THE 4TH |
Westwood Sixshooters batting - Pitching for Richland Rails : RHP Barney Starr
|
Batting: LHB José Martínez
|
0-0: Ball 1-0: Called Strike 1-1: Ball 2-1: Fly out, F3 (Line Drive, 3S)
|
Batting: LHB António Quintero
|
0-0: Ball 1-0: Bunted foul 1-1: Called Strike 1-2: Foul Ball, location: 2F 1-2: Ball 2-2: Ball 3-2: Foul Ball, location: 2F 3-2: Foul Ball, location: 2F 3-2: Ground out 3-1 (Groundball, 34S)
|
Batting: LHB Juan Romero
|
0-0: Reached on error, E3 (Groundball, 34)
|
Batting: RHB Steve Bock
|
0-0: Called Strike Juan Romero is caught stealing 2nd base
|
Bottom of the 4th over - 0 run(s), 0 hit(s), 1 error(s), 0 left on base; Richland 2 - Westwood 4 |
TOP OF THE 5TH |
Richland Rails batting - Pitching for Westwood Sixshooters : RHP Roosevelt Guimond
|
Batting: LHB Mike Gillespie
|
0-0: Called Strike 0-1: DOUBLE (Line Drive, 3D)
|
Batting: SHB Jorge Colón
|
0-0: Ball 1-0: Ground out 4-3 (Groundball, 4S) Mike Gillespie to third
|
Batting: LHB Orlando Casillas
|
0-0: Called Strike 0-1: Foul Ball, location: 2F 0-2: Strikes out swinging
|
Batting: RHB Alexandre Keeping
|
0-0: Ball Wild Pitch! Mike Gillespie scores 1-0: Ball 2-0: Foul Ball, location: 2F 2-1: Fly out, F9 (Flyball, 9S)
|
Top of the 5th over - 1 run(s), 1 hit(s), 0 error(s), 0 left on base; Richland 3 - Westwood 4 |
BOTTOM OF THE 5TH |
Westwood Sixshooters batting - Pitching for Richland Rails : RHP Barney Starr
|
Batting: RHB Steve Bock
|
0-0: Called Strike 0-1: Foul Ball, location: 2F 0-2: Ball 1-2: Ball 2-2: Ball 3-2: Base on Balls
|
Batting: LHB Mitchell Cusimano
|
0-0: Called Strike 0-1: Foul Ball, location: 2F 0-2: Ball 1-2: Ball Steve Bock steals 2nd base 2-2: Strikes out swinging
|
Batting: RHB Chris Corella
|
0-0: Called Strike Steve Bock steals 3rd base 0-1: Swinging Strike 0-2: Ball 1-2: Ball 2-2: Ball 3-2: Foul Ball, location: 2F 3-2: Strikes out looking
|
Batting: LHB Lorenzo Díaz
|
0-0: Ball 1-0: Called Strike 1-1: Called Strike 1-2: Ball 2-2: Ball 3-2: SINGLE (Line Drive, 6M) Steve Bock scores
|
Pitching: RHP Maxwell Simon
|
|
Batting: RHB Alonso Zamora
|
0-0: Fly out, F6 (Line Drive, 56)
|
Bottom of the 5th over - 1 run(s), 1 hit(s), 0 error(s), 1 left on base; Richland 3 - Westwood 5 |
TOP OF THE 6TH |
Richland Rails batting - Pitching for Westwood Sixshooters : RHP Roosevelt Guimond
|
Batting: LHB Jérôme Masson
|
0-0: Ball 1-0: Fly out, F8 (Flyball, 8LM)
|
Batting: RHB Scott Ramsey
|
0-0: Called Strike 0-1: Ball 1-1: Ball 2-1: Swinging Strike 2-2: Strikes out swinging
|
Batting: SHB Félix Medina
|
0-0: Ball 1-0: Ball 2-0: Foul Ball, location: 2F 2-1: Swinging Strike 2-2: Strikes out swinging
|
Top of the 6th over - 0 run(s), 0 hit(s), 0 error(s), 0 left on base; Richland 3 - Westwood 5 |
BOTTOM OF THE 6TH |
Westwood Sixshooters batting - Pitching for Richland Rails : RHP Maxwell Simon
|
Batting: RHB Alberto Lastaneda
|
0-0: Called Strike 0-1: Ball 1-1: Ball 2-1: Foul Ball, location: 2F 2-2: Strikes out swinging
|
Batting: LHB José Martínez
|
0-0: Ground out 1-3 (Groundball, 13)
|
Batting: LHB António Quintero
|
0-0: Foul Ball, location: 2F 0-1: Fly out, F7 (Flyball, 78M)
|
Bottom of the 6th over - 0 run(s), 0 hit(s), 0 error(s), 0 left on base; Richland 3 - Westwood 5 |
TOP OF THE 7TH |
Richland Rails batting - Pitching for Westwood Sixshooters : RHP Roosevelt Guimond
|
Batting: RHB Christian Gentry
|
0-0: Called Strike 0-1: Foul Ball, location: 2F 0-2: Fly out, F7 (Flyball, 78M)
|
Batting: SHB Shiki Sanu
|
0-0: Called Strike 0-1: Ball 1-1: Swinging Strike 1-2: SINGLE (Groundball, 34S) (infield hit)
|
Batting: LHB Mike Gillespie
|
0-0: Swinging Strike 0-1: Called Strike 0-2: Foul Ball, location: 2F 0-2: Fielders Choice at 2nd, 1-6 (Groundball, 13S)
|
Pitching: RHP Alfonso Santa Maria
|
|
Batting: SHB Jorge Colón
|
0-0: Called Strike Mike Gillespie steals 2nd base 0-1: Ball 1-1: Called Strike 1-2: Ball 2-2: Foul Ball, location: 2F 2-2: Strikes out swinging
|
Top of the 7th over - 0 run(s), 1 hit(s), 0 error(s), 1 left on base; Richland 3 - Westwood 5 |
BOTTOM OF THE 7TH |
Westwood Sixshooters batting - Pitching for Richland Rails : RHP Maxwell Simon
|
Batting: LHB Juan Romero
|
0-0: Fly out, F8 (Flyball, 8LS)
|
Batting: RHB Steve Bock
|
0-0: Called Strike 0-1: Ball 1-1: Called Strike 1-2: Ground out 6-3 (Groundball, 6)
|
Batting: LHB Mitchell Cusimano
|
0-0: Called Strike 0-1: Foul Ball, location: 2F 0-2: Strikes out looking
|
Bottom of the 7th over - 0 run(s), 0 hit(s), 0 error(s), 0 left on base; Richland 3 - Westwood 5 |
TOP OF THE 8TH |
Richland Rails batting - Pitching for Westwood Sixshooters : RHP Alfonso Santa Maria
|
Batting: LHB Orlando Casillas
|
0-0: Ball 1-0: SINGLE (Groundball, 4S) (infield hit)
|
Pitching: RHP Will Moore
|
|
Batting: RHB Alexandre Keeping
|
0-0: Ball 1-0: Called Strike 1-1: Ball 2-1: Foul Ball, location: 2F 2-2: Foul Ball, location: 2F 2-2: DOUBLE (Flyball, 8RM) Orlando Casillas to third
|
Batting: LHB Jérôme Masson
|
0-0: Ground out 6-3 (Groundball, 6) Orlando Casillas scores
|
Batting: RHB Scott Ramsey
|
0-0: Ball 1-0: Called Strike 1-1: Ball 2-1: Foul Ball, location: 2F 2-2: Foul Ball, location: 2F 2-2: Ball Wild Pitch! Alexandre Keeping to third 3-2: Foul Ball, location: 2F 3-2: Fly out, F9 (Flyball, 9LS) Runner from 3rd tags up, SCORES, no throw
|
Batting: SHB Félix Medina
|
0-0: Swinging Strike 0-1: Foul Ball, location: 2F 0-2: Ground out 6-3 (Groundball, 6)
|
Top of the 8th over - 2 run(s), 2 hit(s), 0 error(s), 0 left on base; Richland 5 - Westwood 5 |
BOTTOM OF THE 8TH |
Westwood Sixshooters batting - Pitching for Richland Rails : RHP Maxwell Simon
|
Batting: RHB Chris Corella
|
0-0: Foul Ball, location: 2F 0-1: Ball 1-1: Foul Ball, location: 2F 1-2: Ball 2-2: Strikes out swinging
|
Batting: LHB Lorenzo Díaz
|
0-0: Called Strike 0-1: Foul Ball, location: 2F 0-2: Ball 1-2: Ground out 5-3 (Groundball, 56)
|
Pinch Hitting: SHB Ramón García
|
0-0: Called Strike 0-1: Ball 1-1: Ball 2-1: Ball 3-1: Fly out, F6 (Popup, 6M)
|
Bottom of the 8th over - 0 run(s), 0 hit(s), 0 error(s), 0 left on base; Richland 5 - Westwood 5 |
TOP OF THE 9TH |
Richland Rails batting - Pitching for Westwood Sixshooters : RHP Will Moore
|
Pitching: LHP Christian Clayton
|
|
Now at 1B: Jesús Rodríguez
|
|
Batting: RHB Christian Gentry
|
0-0: Called Strike 0-1: Called Strike 0-2: Ball 1-2: Ball 2-2: Ball 3-2: Foul Ball, location: 2F 3-2: Fly out, F4 (Flyball, 34D)
|
Pinch Hitting: RHB Michael Bradshaw
|
0-0: Swinging Strike 0-1: DOUBLE (Line Drive, 7LM)
|
Pinch Hitting: RHB Tan Bal
|
0-0: Ball 1-0: DOUBLE (Flyball, 9LM) Michael Bradshaw scores
|
Batting: SHB Jorge Colón
|
0-0: Ball 1-0: Foul Ball, location: 2F 1-1: Ball 2-1: Swinging Strike 2-2: Strikes out swinging
|
Batting: LHB Orlando Casillas
|
0-0: Called Strike 0-1: Ball 1-1: Called Strike 1-2: Ball 2-2: DOUBLE (Flyball, 7LM) Tan Bal scores
|
Batting: RHB Alexandre Keeping
|
0-0: Intentional Walk
|
Batting: LHB Jérôme Masson
|
0-0: Foul Ball, location: 2F 0-1: Ball 1-1: Swinging Strike 1-2: Strikes out looking
|
Top of the 9th over - 2 run(s), 3 hit(s), 0 error(s), 2 left on base; Richland 7 - Westwood 5 |
|